[Event "2nd FIDE WCC Rapid G12"]
[Site "Minsk"]
[Date "2018.06.22"]
[Round "1"]
[White "Zvereva, Margarita"]
[Black "Nguyen, Le Cam Hien"]
[Result "1/2-1/2"]
[ECO "B77"]
[WhiteElo "1838"]
[BlackElo "1614"]
[Annotator "NA RC"]
[PlyCount "109"]
[EventDate "2018.06.22"]
[EventType "rapid"]
[EventCountry "BLR"]
[SourceTitle "playchess.com"]
[Source "ChessBase"]
[SourceQuality "1"]
[TimeControl "600+5"]

1. e4 c5 2. Nf3 d6 3. d4 cxd4 4. Nxd4 Nf6 5. Nc3 g6 6. Be3 Bg7 7. f3 O-O 8. Qd2 Nc6 9. Bc4 Bd7 10. h4 {[%emt 0:00:38] LiveBook: 921 Games} Rc8 11. Bb3 a6 {[%emt 0:00:34] B77: Sizilianisch (Moderne Drachen-Variante)} (11... h5 $11 {keeps the balance.} 12. O-O-O Ne5 13. Kb1 Nc4 14. Bxc4 Rxc4 15. Nde2 Re8 16. Bh6 Bh8 17. g4 Qa5 18. gxh5 Qxh5 19. Bg5 Qxf3 20. Rdf1 Nxe4 21. Rxf3 Nxd2+ 22. Bxd2 Bc6 23. Rfh3 Bxh1 24. Rxh1 {½-½ (60) Vachier Lagrave,M (2796)-Grischuk,A (2761) Paris 2017}) 12. O-O-O b5 (12... Na5 $14) 13. h5 Nxh5 14. g4 Nxd4 15. Bxd4 Bxd4 16. Qxd4 Nf6 17. Nd5 $146 ({Vorgänger:} 17. Qe3 $18 {bietet bessere Gewinnchancen.} Rxc3 18. Qxc3 Qc8 19. Qxc8 Bxc8 {0-1 (54) O'Brien,G (1326)-Ederer,K (2083) LSS email 2012}) 17... Nxd5 18. Bxd5 (18. Qxd5 $16 e5 19. Qd2 (19. Qxd6 Qg5+ 20. Qd2 Qxd2+ 21. Rxd2 Be6 $16)) 18... Qc7 $2 (18... e6 $14) 19. Qd2 Be6 $2 (19... e6) 20. Qh2 $2 (20. c3 $18 {ist der präzise Gewinnweg.} h5 21. Bxe6 fxe6 22. gxh5) 20... h5 21. gxh5 Bxd5 22. hxg6 Qxc2+ 23. Qxc2 Rxc2+ (23... Bxa2 {ist eine bessere Verteidigung.} 24. gxf7+ Kxf7) 24. Kxc2 Be6 25. gxf7+ $18 Kxf7 26. Rh7+ Ke8 27. Rf1 Bc4 28. Rf2 Kd7 29. f4 Rc8 {[%emt 0:00:08] [#]} 30. Kd2 $1 Bxa2 31. f5 Bb3 32. f6 Re8 33. fxe7 Rxe7 34. Rxe7+ Kxe7 35. Kc3 Be6 36. Rh2 a5 37. Rh7+ Kf6 38. Ra7 a4 39. Rb7 Bc4 40. Kd4 Ke6 41. Rb6 Ke7 42. Ke3 Ke6 43. Kf4 Kd7 44. Rb8 Kc7 45. Rh8 b4 46. Rh7+ Kb6 47. Rh1 a3 48. bxa3 bxa3 49. Ra1 a2 50. Kf5 Kc5 51. e5 dxe5 52. Kxe5 Kb4 53. Kd4 Kb3 54. Rxa2 Kxa2 55. Kxc4 1/2-1/2

[Event "2nd FIDE WCC Rapid G12"]
[Site "Minsk"]
[Date "2018.06.22"]
[Round "1"]
[White "Krupnova, Anna"]
[Black "Zaruba, Anfisa"]
[Result "1-0"]
[ECO "D20"]
[WhiteElo "1761"]
[BlackElo "1313"]
[Annotator "NA RC"]
[PlyCount "117"]
[EventDate "2018.06.22"]
[EventType "rapid"]
[EventCountry "BLR"]
[SourceTitle "playchess.com"]
[Source "ChessBase"]
[SourceQuality "1"]
[TimeControl "600+5"]

1. d4 d5 2. c4 dxc4 3. e3 b5 4. a4 Bd7 5. axb5 Bxb5 6. b3 Ba6 7. bxc4 Bb7 8. Nf3 Nf6 9. Bd3 e6 10. O-O Bb4 11. Qa4+ Nc6 12. Ne5 Qd6 13. c5 Bxc5 14. Bb5 O-O 15. Bxc6 Bxc6 16. Qxc6 Qxc6 17. Nxc6 Bd6 18. Nc3 Rae8 19. Rxa7 e5 20. dxe5 Rxe5 21. Nxe5 Bxe5 22. Nb5 c6 23. Nd4 Bd6 24. Ba3 c5 25. Nf5 Bb8 26. Ra5 Bc7 27. Rxc5 Bd6 28. Nxd6 Rd8 29. Rc8 Rxc8 30. Nxc8 h6 31. Rd1 Kh7 32. Nb6 Ne8 33. Rd7 Nf6 34. Rxf7 Nh5 35. g4 Nf6 36. f3 Ne8 37. Nd7 Kg8 38. Rf8+ Kh7 39. Rxe8 Kg6 40. Ne5+ Kf6 41. f4 g5 42. Rf8+ Kg7 43. Rf7+ Kg8 44. Ra7 Kh8 45. Ng6+ Kg8 46. Ne5 gxf4 47. exf4 Kh8 48. Nf7+ Kg7 49. Nxh6+ Kxh6 50. Bf8+ Kg6 51. h4 Kf6 52. h5 Ke6 53. h6 Kd5 54. h7 Ke4 55. h8=Q Kxf4 56. Qf6+ Kxg4 57. Rg7+ Kh5 58. Qg6+ Kh4 59. Qg4# 1-0

[Event "2nd FIDE WCC Rapid G12"]
[Site "Minsk"]
[Date "2018.06.22"]
[Round "1"]
[White "Omonova, Umida"]
[Black "Mutina, Ksenia"]
[Result "1-0"]
[ECO "C08"]
[WhiteElo "1733"]
[BlackElo "1224"]
[Annotator "NA RC"]
[PlyCount "53"]
[EventDate "2018.06.22"]
[EventType "rapid"]
[EventCountry "BLR"]
[SourceTitle "playchess.com"]
[Source "ChessBase"]
[SourceQuality "1"]
[TimeControl "600+5"]

1. e4 e6 2. d4 d5 3. Nd2 c5 4. exd5 exd5 5. Ngf3 cxd4 6. Nxd4 Bc5 7. N2b3 Bb6 8. Bb5+ Bd7 9. O-O Bxb5 10. Nxb5 Nf6 11. Bg5 O-O 12. Bxf6 Qxf6 13. Qxd5 Qxb2 14. Qxb7 Qe5 15. a4 Na6 16. Qxa6 Rab8 17. Na3 Qf6 18. Qd3 Rfd8 19. Qh3 Rd6 20. Nc4 Re6 21. Rad1 Rbe8 22. Nxb6 axb6 23. Qg3 Re2 24. Nd4 R2e4 25. c3 g6 26. Qf3 Qe7 27. g3 1-0

[Event "2nd FIDE WCC Rapid G12"]
[Site "Minsk"]
[Date "2018.06.22"]
[Round "1"]
[White "Dubovyk, Anastasiia"]
[Black "Nguyen, Hong Nhung"]
[Result "0-1"]
[ECO "B40"]
[WhiteElo "1721"]
[BlackElo "1518"]
[Annotator "NA RC"]
[PlyCount "84"]
[EventDate "2018.06.22"]
[EventType "rapid"]
[EventCountry "BLR"]
[SourceTitle "playchess.com"]
[Source "ChessBase"]
[SourceQuality "1"]
[TimeControl "600+5"]

1. e4 c5 2. Nf3 e6 3. c3 Nf6 4. Bd3 Be7 5. O-O O-O 6. Bc2 Nc6 7. d4 cxd4 8. cxd4 Qc7 9. Nc3 d6 10. h3 a6 11. Be3 b5 12. Rc1 Qb8 13. Bb1 Bb7 14. Ne2 Na5 15. Ng3 Nc4 16. Qe2 Qd8 17. b3 Nxe3 18. Qxe3 Qb6 19. Qd3 Rfd8 20. Nd2 Rab8 21. Kh2 g6 22. f4 Rbc8 23. Qe3 e5 24. Nf3 exd4 25. Qxd4 Qxd4 26. Nxd4 Kg7 27. Nf3 Rc5 28. e5 dxe5 29. fxe5 Nd7 30. Rce1 Bxf3 31. Rxf3 Rxe5 32. Ref1 f5 33. Rd1 Nf6 34. Rxd8 Bxd8 35. Rd3 Bc7 36. Rc3 Re7 37. Kg1 Bxg3 38. Rxg3 Re1+ 39. Kf2 Rxb1 40. Re3 Ne4+ 41. Ke2 Rb2+ 42. Kd3 Rd2# 0-1

[Event "2nd FIDE WCC Rapid G12"]
[Site "Minsk"]
[Date "2018.06.22"]
[Round "1"]
[White "Ivanytska, Liudmyla"]
[Black "Thai, Ngoc Tuong Minh"]
[Result "0-1"]
[ECO "B72"]
[WhiteElo "1545"]
[BlackElo "1384"]
[Annotator "NA RC"]
[PlyCount "122"]
[EventDate "2018.06.22"]
[EventType "rapid"]
[EventCountry "BLR"]
[SourceTitle "playchess.com"]
[Source "ChessBase"]
[SourceQuality "1"]
[TimeControl "600+5"]

1. e4 c5 2. Nf3 d6 3. Nc3 Nf6 4. d4 cxd4 5. Nxd4 g6 6. Be3 Bg7 7. Bc4 Nc6 8. O-O O-O 9. Be2 Bd7 10. a3 Rc8 11. f3 Qb6 12. Rb1 a6 13. Bf2 Qc7 14. Kh1 Ne5 15. Bg3 Nc4 16. Bxc4 Qxc4 17. Nb3 Nh5 18. Nd2 Nxg3+ 19. hxg3 Qc5 20. Nd5 Rfe8 21. c4 e6 22. b4 Qd4 23. Nf4 Bh6 24. Kh2 Qe5 25. Nd3 Qh5+ 26. Kg1 Be3+ 27. Nf2 Qh6 28. Rb2 b5 29. cxb5 Bxb5 30. Re1 d5 31. f4 Bxf2+ 32. Kxf2 Qg7 33. e5 f6 34. Nf3 Qa7+ 35. Qd4 Qxd4+ 36. Nxd4 fxe5 37. Rxe5 Kf7 38. Ra2 Rc4 39. Nf3 h6 40. Re1 Rc3 41. Ne5+ Kf6 42. a4 Bc4 43. Nxc4 Rxc4 44. b5 axb5 45. axb5 Rb4 46. Ra5 d4 47. Re5 d3 48. Ra2 Rd8 49. Ke3 Rb3 50. Kd2 g5 51. Rc5 gxf4 52. gxf4 Rb4 53. g3 Re4 54. Ra3 Re2+ 55. Kd1 d2 56. Re5 Rf2 57. Ree3 Rf1+ 58. Kc2 d1=Q+ 59. Kc3 Qd4+ 60. Kc2 Rf2+ 61. Kb3 Rb2# 0-1

[Event "2nd FIDE WCC Rapid G12"]
[Site "Minsk"]
[Date "2018.06.22"]
[Round "1"]
[White "Kaliakhmet, Eldana"]
[Black "Cherepanova, Evita"]
[Result "0-1"]
[ECO "E67"]
[WhiteElo "1360"]
[BlackElo "1604"]
[Annotator "NA RC"]
[PlyCount "100"]
[EventDate "2018.06.22"]
[EventType "rapid"]
[EventCountry "BLR"]
[SourceTitle "playchess.com"]
[Source "ChessBase"]
[SourceQuality "1"]
[TimeControl "600+5"]

1. Nf3 Nf6 2. d4 g6 3. c4 Bg7 4. g3 d6 5. Bg2 O-O 6. O-O Nbd7 7. Nc3 e5 8. dxe5 dxe5 9. e4 a5 10. Bg5 Qe8 11. Re1 h6 12. Bc1 b6 13. Nb5 Qd8 14. Nc3 Bb7 15. b3 Re8 16. Bb2 Nc5 17. Qxd8 Raxd8 18. Nd5 Nxd5 19. exd5 Nd3 20. Re3 Nxb2 21. Rb1 e4 22. Nd2 f5 23. Bf1 Bd4 24. Ree1 Nd3 25. Re2 Nxf2 26. Rxf2 Bxf2+ 27. Kxf2 e3+ 28. Ke2 exd2+ 29. Kxd2 c6 30. Kc3 cxd5 31. cxd5 Rc8+ 32. Kb2 Bxd5 33. Rd1 Bf7 34. Bb5 Red8 35. Re1 Rd2+ 36. Ka3 Rcc2 37. Ra1 Be6 38. Bc4 Bxc4 39. bxc4 Rxc4 40. Kb3 Rdc2 41. Rd1 R4c3+ 42. Ka4 Rxa2+ 43. Kb5 Rb2+ 44. Ka6 Kf7 45. Rd7+ Ke6 46. Rh7 a4 47. Rxh6 a3 48. Rxg6+ Kf7 49. Rd6 a2 50. Rd1 Rb1 0-1

[Event "2nd FIDE WCC Rapid G12"]
[Site "Minsk"]
[Date "2018.06.22"]
[Round "1"]
[White "Dallemura, Anna"]
[Black "Gaal, Zsoka"]
[Result "0-1"]
[ECO "B03"]
[WhiteElo "1350"]
[BlackElo "2060"]
[Annotator "NA RC"]
[PlyCount "188"]
[EventDate "2018.06.22"]
[EventType "rapid"]
[EventCountry "BLR"]
[SourceTitle "playchess.com"]
[Source "ChessBase"]
[SourceQuality "1"]
[TimeControl "600+5"]

1. e4 Nf6 2. e5 Nd5 3. d4 d6 4. Bc4 c6 5. Qf3 dxe5 {[%emt 0:00:57] B03: Alekhine's Defence: Four Pawns Attack} 6. dxe5 e6 7. Ne2 (7. Qg3 $14 Nd7 8. Nf3 Nb4 9. Na3 b5 10. Be2 Nb6 11. O-O Bb7 12. Rd1 Qc7 13. b3 {0-1 (60) Al Argha,H (2263)-Puranen,J (2241) Finland 2017}) 7... Nd7 $146 ({Predecessor:} 7... Qc7 8. Qg3 Nd7 9. f4 b5 10. Bb3 Nc5 11. O-O Nxb3 12. axb3 Bb7 13. f5 exf5 14. Rxf5 {1-0 (48) Ceranic,M (2110)-Djokovic,M Sutomore 2004}) 8. Bf4 Nxf4 9. Qxf4 Qa5+ 10. Nbc3 Qxe5 11. O-O-O Qxf4+ 12. Nxf4 Be7 13. h4 Nb6 14. Bb3 O-O 15. g3 Nd5 16. Ncxd5 exd5 17. c3 Bg4 18. Rd2 Bd6 19. Rg1 Bxf4 20. gxf4 Bf3 21. Rg3 Bh5 22. f3 Rfe8 23. Rf2 (23. Rdg2 $17 {keeps fighting.}) 23... Re3 24. Kd2 Rae8 25. Bd1 Bg6 26. Rfg2 Rd3+ 27. Kc1 Re1 28. Rd2 Rxd2 29. Kxd2 Re7 30. Rg2 Bf5 31. Rg5 Bb1 32. Kc1 Bd3 33. Kd2 Bb5 34. h5 Kf8 35. Rg2 g6 36. hxg6 hxg6 37. Rh2 Kg7 38. Rg2 Kf6 39. Bc2 Re8 40. Rh2 Kg7 41. f5 gxf5 42. Bxf5 Kf6 43. Bc2 Rg8 44. Rh6+ Ke7 45. Rh2 Rg3 46. Rf2 Kf6 47. Ke3 Rg1 48. Kd2 Kg5 49. a4 Ba6 50. Rh2 Kf4 51. Rh7 Rg2+ 52. Kc1 f6 53. Rf7 Kxf3 54. Rxf6+ Ke3 55. Re6+ Kf2 56. Rf6+ Ke1 57. Re6+ Kf2 58. Rf6+ Ke3 59. Re6+ Kf2 60. Rf6+ Ke1 61. Re6+ Re2 62. Rxe2+ Kxe2 63. Bf5 c5 64. Bg4+ Ke3 65. Kd1 d4 66. cxd4 cxd4 67. b4 Bc4 68. a5 Bb3+ 69. Kc1 d3 70. Kb2 Ba4 71. Ka3 Bc2 72. Kb2 Kd2 73. b5 b6 74. axb6 axb6 75. Bf3 Ba4 76. Bc6 Ke1 77. Be4 d2 78. Bf3 d1=Q 79. Bxd1 Kxd1 80. Kc3 Bxb5 81. Kb4 Bc6 82. Kc4 Kd2 83. Kd4 b5 84. Kc5 Ke3 85. Kb4 Kd4 86. Kb3 Kc5 87. Kc3 Bd5 88. Kb2 b4 89. Kc2 Kc4 90. Kb2 b3 91. Kb1 Kc3 92. Kc1 Be4 93. Kd1 b2 94. Ke2 b1=Q 0-1

[Event "2nd FIDE WCC Rapid G12"]
[Site "Minsk"]
[Date "2018.06.22"]
[Round "1"]
[White "Apostolakii, Irina"]
[Black "Zavivaeva, Emilia"]
[Result "0-1"]
[ECO "C00"]
[WhiteElo "1296"]
[BlackElo "1556"]
[Annotator "NA RC"]
[PlyCount "64"]
[EventDate "2018.06.22"]
[EventType "rapid"]
[EventCountry "BLR"]
[SourceTitle "playchess.com"]
[Source "ChessBase"]
[SourceQuality "1"]
[TimeControl "600+5"]

1. e4 e6 2. Nc3 d5 3. exd5 exd5 4. d4 Be6 5. Nf3 h6 6. Bd3 c6 7. O-O Bd6 8. Be3 Nd7 9. h3 Qf6 10. Nh2 g5 11. Qf3 Qg7 12. Kh1 O-O-O 13. Bf5 h5 14. Bxe6 fxe6 15. g3 g4 16. hxg4 hxg4 17. Qg2 Ne7 18. Kg1 Nf5 19. Rad1 Rh5 20. f3 Nxe3 21. Qe2 Nxd1 22. Qxd1 Rdh8 23. Nxg4 Nf6 24. Kf2 Nxg4+ 25. fxg4 Rh2+ 26. Ke1 Bxg3+ 27. Rf2 Bxf2+ 28. Kd2 Bxd4+ 29. Kc1 Bxc3 30. bxc3 Qxc3 31. Kb1 Rh1 32. Qxh1 Rxh1# 0-1

[Event "2nd FIDE WCC Rapid G12"]
[Site "Minsk"]
[Date "2018.06.22"]
[Round "1"]
[White "Sergejeva, Sofija"]
[Black "Lomakina, Anzhelika"]
[Result "0-1"]
[ECO "C54"]
[WhiteElo "1231"]
[BlackElo "1627"]
[Annotator "NA RC"]
[PlyCount "80"]
[EventDate "2018.06.22"]
[EventType "rapid"]
[EventCountry "BLR"]
[SourceTitle "playchess.com"]
[Source "ChessBase"]
[SourceQuality "1"]
[TimeControl "600+5"]

1. e4 e5 2. Nf3 Nc6 3. Bc4 Bc5 4. c3 Nf6 5. d3 O-O 6. O-O d5 7. exd5 Nxd5 8. Re1 Bg4 9. h3 Bh5 10. Be3 Bxe3 11. fxe3 Re8 12. Nbd2 Na5 13. Bb5 c6 14. Ba4 b5 15. Bc2 Qb6 16. d4 exd4 17. exd4 Re3 18. Qb1 Bg6 19. Bxg6 hxg6 20. Rxe3 Nxe3 21. Qe4 Nf5 22. Ng5 Qc7 23. Re1 Qd8 24. Ngf3 Rc8 25. b4 Nb7 26. a3 Nbd6 27. Qe2 Qf6 28. Ne4 Qd8 29. Nxd6 Qxd6 30. Qd3 Qg3 31. Qe2 Nh4 32. Qf2 Nxf3+ 33. Qxf3 Qxe1+ 34. Kh2 Qe6 35. Qd3 Qd6+ 36. Kg1 Re8 37. Qd2 Qg3 38. Kf1 Qe3 39. Qxe3 Rxe3 40. Kf2 Rxc3 0-1

[Event "2nd FIDE WCC Rapid G12"]
[Site "Minsk"]
[Date "2018.06.22"]
[Round "2"]
[White "Gaal, Zsoka"]
[Black "Varekha, Anna"]
[Result "1-0"]
[ECO "A06"]
[WhiteElo "2060"]
[BlackElo "1446"]
[Annotator "NA RC"]
[PlyCount "55"]
[EventDate "2018.06.22"]
[EventType "rapid"]
[EventCountry "BLR"]
[SourceTitle "playchess.com"]
[Source "ChessBase"]
[SourceQuality "1"]
[TimeControl "600+5"]

1. Nf3 d5 2. g3 Bf5 3. Bg2 e6 4. c4 c6 5. cxd5 cxd5 6. O-O Nf6 7. d3 {[%emt 0:00:06] A11: English Opening: 1...c6} (7. Qb3 Qb6 8. Qxb6 axb6 9. d3 Nc6 10. Nc3 Bg4 11. Bd2 Bc5 12. h3 Bxf3 13. Bxf3 Ke7 14. Rfc1 Ra6 15. Nb5 Kd7 16. e3 Rc8 17. a3 Raa8 18. Kg2 {0-1 (57) Jumabayev,R (2621)-Akobian,V (2647) Saint Louis 2018}) 7... Be7 8. Qb3 Qd7 9. Bf4 Nc6 10. Nc3 O-O 11. e4 dxe4 12. dxe4 Nxe4 13. Nxe4 Bxe4 14. Ne5 Nxe5 15. Bxe4 Bd6 $146 {[%emt 0:00:35] [#]} 16. Rfd1 $1 ({Inferior is} 16. Qxb7 Qxb7 17. Bxb7 Rab8 $11) 16... f6 17. Bxe5 fxe5 18. Qd3 Rad8 19. Bxh7+ Kh8 20. Qe4 Qf7 21. Rf1 Bc5 $2 (21... Qf3 $14) 22. Bg6 Qf6 {[%emt 0:00:16] [#]} 23. Qg4 $1 Bxf2+ $2 (23... Kg8 24. Qh5 Rf7) 24. Kg2 Kg8 25. Qh5 Rfe8 26. Bxe8 Rd2 27. Qf7+ Qxf7 $18 28. Bxf7+ 1-0

[Event "2nd FIDE WCC Rapid G12"]
[Site "Minsk"]
[Date "2018.06.22"]
[Round "2"]
[White "Alekseenko, Mariya"]
[Black "Fedoricheva, Ekaterina"]
[Result "0-1"]
[ECO "A04"]
[WhiteElo "1763"]
[BlackElo "1544"]
[Annotator "NA RC"]
[PlyCount "100"]
[EventDate "2018.06.22"]
[EventType "rapid"]
[EventCountry "BLR"]
[SourceTitle "playchess.com"]
[Source "ChessBase"]
[SourceQuality "1"]
[TimeControl "600+5"]

1. Nf3 c5 2. g3 d6 3. Bg2 Nf6 4. O-O Nc6 5. c4 e6 6. Nc3 Be7 7. d3 O-O 8. Rb1 a6 9. a3 h6 10. b4 cxb4 11. axb4 Bd7 12. b5 axb5 13. Nxb5 d5 14. Qb3 Na5 15. Qc2 Bxb5 16. Rxb5 dxc4 17. dxc4 Qc7 18. Bf4 Qxc4 19. Qxc4 Nxc4 20. Rxb7 Bd6 21. Bxd6 Nxd6 22. Rb6 Nc4 23. Rc6 Na5 24. Rc5 Rfc8 25. Rfc1 Rxc5 26. Rxc5 Nb3 27. Rb5 Ra1+ 28. Bf1 Nc1 29. Kg2 Nd5 30. e4 Nc3 31. Rb8+ Kh7 32. e5 Ra2 33. Bc4 Rc2 34. Ne1 Rd2 35. Nf3 Rc2 36. Ne1 Rd2 37. Rb4 Ne4 38. Nd3 Nxd3 39. Bxd3 Rxd3 40. Rxe4 Rd5 41. Kf3 h5 42. h3 g5 43. h4 g4+ 44. Kf4 Kg6 45. Ra4 f6 46. Ra6 Rxe5 47. Rb6 f5 48. f3 Re1 49. fxg4 hxg4 50. Rc6 Re4# 0-1

[Event "2nd FIDE WCC Rapid G12"]
[Site "Minsk"]
[Date "2018.06.22"]
[Round "2"]
[White "Shubenkova, Veronika"]
[Black "Tarasenka, Aliaksandra"]
[Result "0-1"]
[ECO "A00"]
[WhiteElo "1700"]
[BlackElo "1747"]
[Annotator "NA RC"]
[PlyCount "96"]
[EventDate "2018.06.22"]
[EventType "rapid"]
[EventCountry "BLR"]
[SourceTitle "playchess.com"]
[Source "ChessBase"]
[SourceQuality "1"]
[TimeControl "600+5"]

1. a3 e5 2. e3 d5 3. d4 Bd6 4. Nf3 e4 5. Nfd2 f5 6. c4 c6 7. Nc3 Nf6 8. Qb3 Bc7 9. cxd5 cxd5 10. Qb5+ Nc6 11. Nb3 a6 12. Qe2 O-O 13. Qd1 b6 14. Be2 Qe8 15. Bd2 Qg6 16. g3 Bd7 17. Bf1 Ra7 18. Rc1 Bd6 19. Na4 Rb8 20. Bg2 Nd8 21. Nc3 Ne6 22. Ne2 Qf7 23. O-O g5 24. f4 Ng4 25. Nc3 Ng7 26. Bh3 gxf4 27. Bxg4 fxg4 28. exf4 h5 29. Be1 Nf5 30. Qe2 Rc8 31. Bf2 Re8 32. Be3 Qf6 33. Nxd5 Qf7 34. Qc4 Be6 35. Qc6 Bxd5 36. Qxb6 Nxe3 37. Qxd6 Nxf1 38. Qc5 Ne3 39. Na5 Nf5 40. b4 e3 41. Nc4 Bxc4 42. Rxc4 e2 43. Rc1 e1=Q+ 44. Rxe1 Rxe1+ 45. Kf2 Rae7 46. Qc8+ Re8 47. Qxa6 Qa2+ 48. Qe2 Qxe2# 0-1

[Event "2nd FIDE WCC Rapid G12"]
[Site "Minsk"]
[Date "2018.06.22"]
[Round "2"]
[White "Lomakina, Anzhelika"]
[Black "Dubovik, Maria"]
[Result "0-1"]
[ECO "B91"]
[WhiteElo "1627"]
[BlackElo "1408"]
[Annotator "NA RC"]
[PlyCount "84"]
[EventDate "2018.06.22"]
[EventType "rapid"]
[EventCountry "BLR"]
[SourceTitle "playchess.com"]
[Source "ChessBase"]
[SourceQuality "1"]
[TimeControl "600+5"]

1. e4 c5 2. Nf3 d6 3. d4 cxd4 4. Nxd4 Nf6 5. Nc3 a6 6. g3 e6 7. Bg2 Nbd7 8. O-O Be7 9. f4 O-O 10. Be3 Qc7 11. g4 Nc5 12. g5 Nfd7 13. Qh5 g6 14. Qh4 e5 15. Nb3 Nxb3 16. axb3 exf4 17. Bxf4 Ne5 18. Nd5 Qd8 19. Bxe5 dxe5 20. Nf6+ Bxf6 21. gxf6 Kh8 22. Rad1 Qb6+ 23. Kh1 Be6 24. Rd3 Rad8 25. Rfd1 Rxd3 26. Rxd3 Qa5 27. Bh3 Bxh3 28. Rxh3 h5 29. Qg3 Rd8 30. Rxh5+ Kg8 31. Qg4 Qe1+ 32. Kg2 Rd2+ 33. Kh3 Qf1+ 34. Kh4 Rxh2+ 35. Kg3 Rg2+ 36. Kh4 Qh1+ 37. Qh3 Rh2 38. Kg3 Rxh3+ 39. Rxh3 Qc1 40. Rh2 Qf4+ 41. Kh3 Qxe4 42. Rd2 Qe3+ 0-1

[Event "2nd FIDE WCC Rapid G12"]
[Site "Minsk"]
[Date "2018.06.22"]
[Round "2"]
[White "Cherepanova, Evita"]
[Black "Petrova, Varvara"]
[Result "1-0"]
[ECO "C06"]
[WhiteElo "1604"]
[BlackElo "1500"]
[Annotator "NA RC"]
[PlyCount "62"]
[EventDate "2018.06.22"]
[EventType "rapid"]
[EventCountry "BLR"]
[SourceTitle "playchess.com"]
[Source "ChessBase"]
[SourceQuality "1"]
[TimeControl "600+5"]

1. e4 e6 2. d4 d5 3. Nd2 Nf6 4. e5 Nfd7 5. Bd3 c5 6. c3 Nc6 7. Ne2 cxd4 8. cxd4 Qb6 9. Nf3 Bb4+ 10. Bd2 Bxd2+ 11. Qxd2 f6 12. exf6 Nxf6 13. O-O O-O 14. Rfe1 Bd7 15. h3 Rae8 16. Rac1 Qd8 17. Nf4 Qe7 18. Bb1 Qd6 19. Ne5 Bc8 20. Re2 Nd7 21. Nxd7 Qxd7 22. Rce1 Qf7 23. g3 Re7 24. b4 Qf6 25. Qd3 g5 26. Nxd5 exd5 27. Rxe7 Bf5 28. Qxf5 Qxf5 29. Bxf5 Nxe7 30. Rxe7 Rxf5 31. Rxb7 Rf7 1-0

[Event "2nd FIDE WCC Rapid G12"]
[Site "Minsk"]
[Date "2018.06.22"]
[Round "2"]
[White "Zavivaeva, Emilia"]
[Black "Yaroshenko, Sofiya"]
[Result "1-0"]
[ECO "C14"]
[WhiteElo "1556"]
[BlackElo "1540"]
[Annotator "NA RC"]
[PlyCount "79"]
[EventDate "2018.06.22"]
[EventType "rapid"]
[EventCountry "BLR"]
[SourceTitle "playchess.com"]
[Source "ChessBase"]
[SourceQuality "1"]
[TimeControl "600+5"]

1. e4 e6 2. d4 d5 3. Nc3 Nf6 4. Bg5 Be7 5. e5 Nfd7 6. Bxe7 Qxe7 7. Qg4 O-O 8. Bd3 h6 9. f4 a6 10. f5 exf5 11. Qxf5 g6 12. Nxd5 Qh4+ 13. Qf2 Qxf2+ 14. Kxf2 c6 15. Ne7+ Kg7 16. Nf3 Nb6 17. Nxc8 Rxc8 18. Rhe1 Re8 19. Nd2 N8d7 20. Ne4 Re6 21. a4 a5 22. Nd6 Nd5 23. Nxb7 Rb8 24. Nxa5 Rxb2 25. Nc4 Rb8 26. a5 Ra8 27. a6 Nb4 28. Be4 Rxa6 29. Rxa6 Nxa6 30. Ra1 Nb4 31. Ra7 Nf8 32. Nd6 Kg8 33. Rb7 Nd5 34. c4 Nc3 35. Bxc6 f6 36. Bd5 Nxd5 37. cxd5 Rxd6 38. exd6 f5 39. d7 Nxd7 40. Rxd7 1-0

[Event "2nd FIDE WCC Rapid G12"]
[Site "Minsk"]
[Date "2018.06.22"]
[Round "2"]
[White "Andrukhovich, Elizaveta"]
[Black "Krupnova, Anna"]
[Result "0-1"]
[ECO "B24"]
[WhiteElo "1472"]
[BlackElo "1761"]
[Annotator "NA RC"]
[PlyCount "102"]
[EventDate "2018.06.22"]
[EventType "rapid"]
[EventCountry "BLR"]
[SourceTitle "playchess.com"]
[Source "ChessBase"]
[SourceQuality "1"]
[TimeControl "600+5"]

1. e4 c5 2. Nc3 Nc6 3. g3 g6 4. Bg2 Bg7 5. d3 Nf6 6. Nge2 O-O 7. O-O d6 8. h3 Rb8 9. f4 Bd7 10. f5 b5 11. Bg5 b4 12. Nb1 Ne5 13. Nd2 d5 14. Bxf6 Bxf6 15. fxg6 hxg6 16. exd5 Bf5 17. g4 Bc8 18. Ne4 Bg7 19. c3 bxc3 20. bxc3 c4 21. dxc4 Nxc4 22. Qd3 Qb6+ 23. Kh1 Ne3 24. Rab1 Ba6 25. Rxb6 Bxd3 26. Rxb8 Rxb8 27. Re1 Nxg2 28. Kxg2 Bxe4+ 29. Kf2 Bxd5 30. a4 Rb2 31. Ke3 Bg2 32. Nf4 Bh6 33. h4 Bxf4+ 34. Kxf4 e6 35. c4 Rb4 36. Rc1 Bd5 37. Ke3 Rxc4 38. Rxc4 Bxc4 39. Kd4 Be2 40. g5 Kf8 41. a5 Ke7 42. Ke5 Bb5 43. Ke4 Kd6 44. Kd4 Be2 45. Ke3 Bb5 46. Kd4 a6 47. Ke4 Bc6+ 48. Kd4 e5+ 49. Ke3 Ke6 50. Kd3 Kf5 51. Ke3 Kg4 0-1

[Event "2nd FIDE WCC Rapid G12"]
[Site "Minsk"]
[Date "2018.06.22"]
[Round "2"]
[White "Osmolovska, Yevheniia"]
[Black "Kastanieda, Alla"]
[Result "1-0"]
[ECO "C00"]
[WhiteElo "1391"]
[BlackElo "1379"]
[Annotator "NA RC"]
[PlyCount "79"]
[EventDate "2018.06.22"]
[EventType "rapid"]
[EventCountry "BLR"]
[SourceTitle "playchess.com"]
[Source "ChessBase"]
[SourceQuality "1"]
[TimeControl "600+5"]

1. e4 e6 2. d3 d5 3. Nd2 c5 4. Ngf3 Nf6 5. g3 Nc6 6. Bg2 dxe4 7. dxe4 e5 8. O-O Bg4 9. c3 Be7 10. Qc2 O-O 11. h3 Bh5 12. Nc4 Qc7 13. Ne3 Rfd8 14. Nf5 Bg6 15. Nxe7+ Qxe7 16. Nh4 b5 17. Nf5 Bxf5 18. exf5 Rac8 19. Be3 Nd4 20. Qb1 Nc6 21. Re1 h6 22. a4 a6 23. axb5 axb5 24. Ra6 Nb8 25. Rb6 Qd7 26. Rb7 Qe8 27. Qa2 c4 28. Qa5 Nd5 29. Qxb5 Qxb5 30. Rxb5 Nxe3 31. Rxe3 Rd1+ 32. Kh2 f6 33. Bd5+ Kh8 34. Be6 Rcd8 35. Bxc4 R1d2 36. Re2 R2d7 37. Be6 Rc7 38. c4 Na6 39. b4 Rd4 40. Rb6 1-0

[Event "2nd FIDE WCC Rapid G12"]
[Site "Minsk"]
[Date "2018.06.22"]
[Round "2"]
[White "Petrova, Elizaveta"]
[Black "Omonova, Umida"]
[Result "0-1"]
[ECO "D78"]
[WhiteElo "1368"]
[BlackElo "1733"]
[Annotator "NA RC"]
[PlyCount "106"]
[EventDate "2018.06.22"]
[EventType "rapid"]
[EventCountry "BLR"]
[SourceTitle "playchess.com"]
[Source "ChessBase"]
[SourceQuality "1"]
[TimeControl "600+5"]

1. d4 Nf6 2. Nf3 d5 3. g3 g6 4. Bg2 Bg7 5. O-O O-O 6. c4 c6 7. Nbd2 Ne4 8. e3 Nd7 9. Nxe4 dxe4 10. Nd2 f5 11. b3 c5 12. Bb2 Nb6 13. Nb1 a5 14. Qd2 cxd4 15. Bxd4 Bxd4 16. Qxd4 Qxd4 17. exd4 Rd8 18. Rd1 a4 19. c5 axb3 20. a3 Nd5 21. Bf1 Be6 22. Bc4 Nc7 23. Bxe6+ Nxe6 24. Nc3 Nxd4 25. a4 Rac8 26. Nb5 Nxb5 27. Rxd8+ Rxd8 28. axb5 Rc8 29. Rb1 Rxc5 30. Rxb3 b6 31. Kf1 Kf7 32. Ke2 Ke6 33. Ke3 Kd5 34. Kf4 h6 35. h4 Kc4 36. Rb2 Kd3 37. Rb3+ Kc2 38. Rb4 e5+ 39. Ke3 g5 40. hxg5 hxg5 41. Ke2 Kc3 42. Rb1 Kc4 43. Rh1 f4 44. Rh5 g4 45. Rg5 Kd4 46. Rxg4 Rc2+ 47. Kf1 f3 48. Kg1 Kd3 49. Rh4 e3 50. fxe3 Kxe3 51. Rh5 e4 52. g4 Rg2+ 53. Kf1 Rxg4 0-1